 Dungeon Crawl Stone Soup version 0.20-a0-434-g93bceec (webtiles) character file.

42588 PlagueNoisy the Executioner (level 13, -3/95 HPs)
             Began as a Minotaur Berserker on Jan 4, 2017.
             Was a High Priest of Trog.
             Slain by a bone dragon (12 damage)
             ... on level 1 of the Abyss on Jan 5, 2017.
             The game lasted 02:54:19 (23547 turns).

PlagueNoisy the Executioner (Minotaur Berserker)   Turns: 23547, Time: 02:54:22

Health: -3/95      AC: 15    Str: 23    XL:     13   Next: 86%
Magic:  13/13      EV: 13    Int:  8    God:    Trog [*****.]
Gold:   1054       SH:  0    Dex: 17    Spells: 12/12 levels left

rFire  + . .     SeeInvis .     S - +11 battleaxe "Baevirghi" {protect, MR+ Int+4}
rCold  + . .     Gourm    +     L - +2 chain mail {rC+}
rNeg   . . .     Faith    .     (shield currently unavailable)
rPois  .         Spirit   .     n - +1 hat
rElec  .         Reflect  .     h - +0 cloak
rCorr  .         Harm     .     v - +0 pair of gloves
MR     +....                    z - +0 pair of boots
Stlth  ..........               q - amulet of the gourmand
                                t - ring of protection from fire
                                H - +3 ring of dexterity

@: about to teleport, very slightly contaminated, studying Staves, invisible
A: retaliatory headbutt, horns 2
a: Berserk, Trog's Hand, Brothers in Arms, Burn Spellbooks, Renounce Religion


You were on level 1 of the Abyss.
You worshipped Trog.
Trog was extremely pleased with you.
You were very hungry.

You visited 2 branches of the dungeon, and saw 16 of its levels.
You visited the Abyss 1 time.
You also visited: Labyrinth.

You collected 1304 gold pieces.
You spent 250 gold pieces at shops.

Inventory:

Hand Weapons
 b - a +2 antimagic great sword
 i - a +2 dire flail of holy wrath
 r - a +5 great mace of freezing
 S - the +11 battleaxe "Baevirghi" (weapon) {protect, MR+ Int+4}
   (Trog gifted it to you on level 9 of the Dungeon)

   It protects the one who uses it against injury (+AC on strike).
   It affects your intelligence (+4).
   It affects your resistance to hostile enchantments.
Missiles
 y - 4 needles of confusion
 C - 59 poisoned needles (quivered)
Armour
 h - a +0 cloak (worn)
 n - a +1 hat (worn)
 v - a +0 pair of gloves (worn)
 z - a +0 pair of boots (worn)
 L - a +2 chain mail of cold resistance (worn)
Jewellery
 o - a +4 amulet of reflection {unknown}
 q - an amulet of the gourmand (around neck)
 t - a ring of protection from fire (right hand)
 G - an uncursed ring of poison resistance
 H - a +3 ring of dexterity (left hand)
 O - an uncursed ring of flight
 T - an uncursed ring of positive energy
 X - an uncursed ring of wizardry
 Y - an uncursed amulet of guardian spirit
Wands
 p - a wand of confusion (25/48)
 x - a wand of enslavement (10/24)
 M - a wand of digging (10/24)
 P - a wand of polymorph (7/24)
 W - a wand of acid (5/15)
Scrolls
 f - 12 scrolls of remove curse
 g - a scroll of enchant armour
 m - 2 scrolls of teleportation
 s - a scroll of summoning
 A - a scroll of acquirement
 J - a scroll of recharging
 N - 4 scrolls of amnesia
 R - 3 scrolls of random uselessness
 U - a scroll of vulnerability
Potions
 k - 7 potions of haste
 u - a potion of degeneration {unknown}
 w - 2 potions of magic
 E - a potion of flight
 V - a potion of berserk rage {unknown}
 Z - a potion of curing
Books
 d - a book of the Sky

   Spells                             Type                      Level
   a - Summon Lightning Spire         Summoning/Air                4
   b - Airstrike                      Air                          4
   c - Silence                        Hexes/Air                    5
   d - Deflect Missiles               Charms/Air                   6
   e - Conjure Ball Lightning         Conjuration/Air              6
   f - Tornado                        Air                          9
   Trog disapproves of the use of such an item.
 j - Yzuis's Handbook of the Nocuous Mountains
   (You found it on level 12 of the Dungeon)

   Spells                             Type                      Level
   a - Ignite Poison                  Fire/Transmutation/Poison    3
   b - Petrify                        Transmutation/Earth          4
   c - Venom Bolt                     Conjuration/Poison           5
   d - Poisonous Cloud                Conjuration/Poison/Air       5
   Trog disapproves of the use of such an item.
 K - a manual of Staves
Miscellaneous
 a - a phial of floods
 B - a phial of floods
Comestibles
 c - 7 bread rations
 D - a royal jelly
 F - 6 beef jerkies
 I - 2 meat rations
 Q - a slice of pizza


   Skills:
 - Level 3.6 Fighting
 * Level 21.9(22.8) Axes
 - Level 12.7(18.7) Maces & Flails
 - Level 2.4 Armour
 + Level 8.2 Dodging
 - Level 0.1 Stealth
 + Level 1.3 Evocations


You had 12 spell levels left.
You didn't know any spells.

Dungeon Overview and Level Annotations

Branches:
Dungeon (12/15)            Temple (0/1) D:6            Lair (4/6) D:8
  Swamp (0/4) Lair:4       Spider (0/4) Lair:3          Orc (0/2) D:11

Altars:
Cheibriados
Fedhas
Nemelex Xobeh
Qazlal
Ru
Sif Muna
Uskayaw
Vehumet
Beogh

Shops:
D:5 [[*%*

Annotations:
Lair:1 exclusion: 2 oklob plants


Innate Abilities, Weirdness & Mutations

You reflexively headbutt those who attack you in melee.
You have a pair of horns on your head.


Message History

You completely miss the large abomination.
You are suddenly pulled into a different region of the Abyss!
A bone dragon comes into view.
You fade into invisibility!
You are very lightly contaminated with residual magic.
A bone dragon is nearby!
The bone dragon is too close now for your liking.
The bone dragon bites you!!
* * * LOW HITPOINT WARNING * * *
The bone dragon closely misses you.
The bone dragon tramples you but does no damage.
A bone dragon is nearby!
Okay, then.
As you read the scroll of teleportation, it crumbles to dust.
You feel strangely unstable.
You feel the power of the Abyss delaying your translocation!
The bone dragon bites you!
* * * LOW HITPOINT WARNING * * *
The bone dragon claws you!
You die...

# ...# #. #.. . #
####...### #...#
.#...##..
..#.###..#..### ..
#..#...###...##...
#..#.#...#.#..#
#.....###...# #
#.####.@D...# #.##
#..#.#.#.# .
#.#..##..# .#
##..#. #... #.
.....# #.#. #.
..##.## ... . .##
## .# #.


You could see a bone dragon.

Vanquished Creatures
  An angel (Abyss:1)
  A war gargoyle (D:12)
  Snorg (Lair:3)
  2 hydras
  6 two-headed ogres
  A death knight (D:12)
  Urug (D:11)
  Sonja (Lair:2)
  A sixfirhy (Abyss:1)
  2 unseen horrors
  A large abomination (Abyss:1)
  A phantasmal warrior (D:12)
  Pikel (D:4)
  2 ugly things (D:12)
  A wolf spider (D:9)
  2 black mambas
  4 elephants (Lair:4)
  The ghost of lagrange the Magician, a novice SpVM (D:7)
  8 spiny frogs
  6 gargoyles (Lab)
  A rime drake (Lair:3)
  2 komodo dragons
  A freezing wraith (D:12)
  A polar bear (Lair:3)
  3 trolls
  3 slime creatures (D:12)
  2 minotaur skeletons (Lab)
  A hornet (D:9)
  15 blink frogs
  A dream sheep (Lair:4)
  4 hippogriffs
  9 redbacks
  A wraith (D:12)
  2 shadows
  A wyvern (D:9)
  18 yaks
  5 hungry ghosts
  7 basilisks
  Edmund (D:5)
  Menkaure (D:5)
  3 water moccasins
  Duvessa (D:5)
  3 porcupines
  12 orc warriors
  5 sky beasts
  2 slaves (D:4)
  3 black bears (D:9)
  2 ice beasts
  3 ogres
  2 necrophages (D:9)
  A phantom (D:8)
  5 wolves (Lair:3)
  11 centaurs
  6 crocodiles
  2 big kobolds
  14 bullfrogs
  A wyvern zombie (D:11)
  A water moccasin zombie (D:5)
  4 scorpions
  A wyvern skeleton (D:6)
  Dowan (D:5)
  11 killer bees (D:9)
  5 wights (D:11)
  5 howler monkeys
  A lava snake (D:9)
  5 crimson imps
  2 bullfrog zombies
  2 centaur zombies
  A centaur skeleton (D:6)
  3 hounds
  3 jellies
  3 bullfrog skeletons
  12 orc priests
  2 iguanas
  11 orc wizards
  Jessica (D:7)
  11 worker ants
  2 hound zombies
  2 hound skeletons
  5 worker ant zombies
  6 gnolls
  12 adders
  4 shadow imps
  An ooze (D:6)
  An adder zombie (D:7)
  3 worms
  4 dart slugs
  4 leopard geckos
  65 orcs
  5 giant cockroaches
  8 hobgoblins
  3 jackals (D:5)
  9 quokkas
  A ball python (D:2)
  8 bats
  4 frilled lizards
  8 goblins
  A jackal skeleton (D:8)
  15 kobolds
  12 rats
  A fungus (Lair:2)
  6 plants
474 creatures vanquished.

Vanquished Creatures (others)
  5 fungi
  2 plants
  4 toadstools (Lair:4)
11 creatures vanquished.

Grand Total: 485 creatures vanquished

Notes
Turn   | Place    | Note
-------+----------+-------------------------------------------
     0 | D:1      | PlagueNoisy the Minotaur Berserker began the quest for the Orb.
     0 | D:1      | Reached XP level 1. HP: 19/19 MP: 0/0
     6 | D:1      | Noticed a lindwurm
     6 | D:1      | Noticed a wyvern
     6 | D:1      | Noticed a killer bee
     6 | D:1      | Noticed a water moccasin
     6 | D:1      | Noticed a black bear
   162 | D:1      | Reached XP level 2. HP: 16/26 MP: 1/1
   732 | D:1      | Reached skill level 5 in Maces & Flails
  1009 | D:2      | Reached XP level 3. HP: 26/31 MP: 2/2
  1457 | D:2      | Reached ** piety under Trog
  2539 | D:2      | Reached XP level 4. HP: 30/39 MP: 3/3
  2853 | D:3      | Reached XP level 5. HP: 43/45 MP: 4/4
  2857 | D:3      | Gained mutation: You have large cloven feet. [potion of mutation]
  2857 | D:3      | Gained mutation: You tend to lose your temper in combat. [potion of mutation]
  2857 | D:3      | Gained mutation: Your magical capacity is low. (-10% MP) [potion of mutation]
  2899 | D:3      | Found a radiant altar of Vehumet.
  3243 | D:3      | Found a blossoming altar of Fedhas.
  3592 | D:4      | Reached skill level 1 in Axes
  3645 | D:4      | Reached *** piety under Trog
  3683 | D:4      | Reached skill level 2 in Axes
  3697 | D:4      | Reached skill level 3 in Axes
  3697 | D:4      | Reached XP level 6. HP: 45/51 MP: 4/4
  3708 | D:4      | Noticed a slave
  3709 | D:4      | Noticed a slave
  3715 | D:4      | Noticed Pikel
  3716 | D:4      | Noticed a slave
  3717 | D:4      | Noticed a slave
  3734 | D:4      | Killed a slave
  3739 | D:4      | Killed a slave
  3741 | D:4      | Killed Pikel
  3741 | D:4      | Reached skill level 7 in Axes
  3741 | D:4      | Reached XP level 7. HP: 57/57 MP: 5/5
  4100 | D:5      | Entered Level 5 of the Dungeon
  4149 | D:5      | Noticed Menkaure
  4176 | D:5      | Killed Menkaure
  4343 | D:5      | Reached skill level 8 in Axes
  4371 | D:5      | Found Qapp's Antique Armour Shoppe.
  4441 | D:5      | Noticed Dowan
  4442 | D:5      | Noticed Duvessa
  4452 | D:5      | Killed Dowan
  4452 | D:5      | Killed Duvessa
  4452 | D:5      | Reached XP level 8. HP: 64/64 MP: 6/6
  4465 | D:5      | Found a sacrificial altar of Ru.
  4524 | D:5      | Reached skill level 9 in Axes
  4568 | D:5      | Found Vihoeras's Food Emporium.
  4654 | D:5      | Noticed Edmund
  4666 | D:5      | Killed Edmund
  4669 | D:5      | Found Ushaqunt's General Store.
  4776 | D:5      | Found Kics's Armour Shop.
  4949 | D:5      | Found Kyrex's General Store.
  5085 | D:5      | Reached skill level 10 in Axes
  5427 | D:6      | Found a staircase to the Ecumenical Temple.
  5540 | D:6      | Found a hide-covered altar of Uskayaw.
  5554 | D:6      | Reached skill level 11 in Axes
  5612 | D:6      | Reached **** piety under Trog
  6027 | D:5      | Bought a shiny scale mail for 250 gold pieces
  6313 | D:6      | Reached XP level 9. HP: 61/70 MP: 7/7
  6621 | D:7      | Reached skill level 12 in Axes
  6656 | D:7      | Noticed lagrange's ghost (novice SpVM)
  6669 | D:7      | Killed lagrange's ghost
  6802 | D:7      | Reached skill level 13 in Axes
  7144 | D:7      | Found a snail-covered altar of Cheibriados.
  7175 | D:7      | Reached ***** piety under Trog
  7408 | D:7      | Noticed Jessica
  7416 | D:7      | Found a deep blue altar of Sif Muna.
  7424 | D:7      | Killed Jessica
  7479 | D:8      | Reached skill level 14 in Axes
  7576 | D:8      | Identified a scroll of acquirement
  7606 | D:8      | Reached XP level 10. HP: 67/77 MP: 8/8
  7864 | D:8      | Noticed a two-headed ogre
  7883 | D:8      | Killed a two-headed ogre
  7883 | D:8      | Reached skill level 5 in Dodging
  8003 | D:8      | Found a staircase to the Lair.
  8248 | D:8      | Noticed a two-headed ogre
  8260 | D:8      | Killed a two-headed ogre
  8453 | D:8      | Reached skill level 10 in Maces & Flails
  8467 | D:8      | Found a stormy altar of Qazlal.
  8953 | Lair:1   | Entered Level 1 of the Lair of Beasts
  9149 | D:9      | Noticed a wolf spider
  9540 | D:9      | Paralysed by a hornet for 3 turns
 10304 | D:9      | Reached XP level 11. HP: 49/81 MP: 8/8
 10963 | D:9      | Killed a wolf spider
 10963 | D:9      | Reached ****** piety under Trog
 10963 | D:9      | Received a gift from Trog
 10967 | D:9      | Got a jewelled battleaxe {god gift}
 10973 | D:9      | Identified the +11 battleaxe "Baevirghi" {protect, MR+ Int+4} (Trog gifted it to you on level 9 of the Dungeon)
 11018 | D:10     | Entered Level 10 of the Dungeon
 11050 | D:10     | Lost mutation: You tend to lose your temper in combat. [potion of cure mutation]
 11050 | D:10     | Lost mutation: You have large cloven feet. [potion of cure mutation]
 11050 | D:10     | Lost mutation: Your magical capacity is low. (-10% MP) [potion of cure mutation]
 11747 | D:11     | Killed an unseen horror
 12067 | D:11     | Found a roughly hewn altar of Beogh.
 12067 | D:11     | Found a staircase to the Orcish Mines.
 12076 | D:11     | Reached skill level 15 in Axes
 12181 | D:11     | Noticed a white ugly thing
 12854 | D:11     | Noticed a two-headed ogre
 12862 | D:11     | Killed a two-headed ogre
 12955 | D:11     | Noticed Urug
 12972 | D:11     | Killed Urug
 12972 | D:11     | Reached skill level 16 in Axes
 13382 | D:12     | Noticed a cyan ugly thing
 13389 | D:12     | Killed a cyan ugly thing
 13458 | D:12     | Received a gift from Trog
 13565 | D:12     | Noticed a death knight
 13567 | D:12     | Noticed a phantasmal warrior
 13569 | D:12     | Noticed a red ugly thing
 13576 | D:12     | Killed a phantasmal warrior
 13587 | D:12     | Killed a death knight
 13595 | D:12     | Reached XP level 12. HP: 67/90 MP: 11/11
 13598 | D:12     | Reached skill level 17 in Axes
 13976 | D:12     | Noticed a two-headed ogre
 13982 | D:12     | Killed a two-headed ogre
 14086 | D:12     | Noticed a two-headed ogre
 14091 | D:12     | Killed a two-headed ogre
 14306 | D:12     | Identified Yzuis's Handbook of the Nocuous Mountains
 14320 | D:12     | Found a sparkling altar of Nemelex Xobeh.
 14320 | D:12     | Noticed a war gargoyle
 14321 | D:12     | Noticed a two-headed ogre
 14335 | D:12     | Killed a two-headed ogre
 14335 | D:12     | Reached skill level 18 in Axes
 14336 | D:12     | Killed a war gargoyle
 15313 | Lair:1   | Reached skill level 19 in Axes
 16160 | Lair:2   | Noticed a seven-headed hydra
 16174 | Lair:2   | Killed a nine-headed hydra
 16460 | Lair:2   | Noticed Sonja
 16470 | Lair:2   | Killed Sonja
 17207 | Lair:2   | Found a hide-covered altar of Uskayaw.
 17652 | Lair:3   | Reached XP level 13. HP: 86/95 MP: 12/12
 17655 | Lair:3   | Noticed Snorg
 17659 | Lair:3   | Killed Snorg
 17720 | Lair:3   | Reached skill level 20 in Axes
 17761 | Lair:3   | Reached skill level 1 in Evocations
 18141 | Lair:3   | Received a gift from Trog
 18332 | Lair:3   | Found a hole to the Spider Nest.
 19434 | Lair:4   | Reached skill level 21 in Axes
 19523 | Lair:4   | Found a staircase to the Swamp.
 19610 | Lair:4   | Found a labyrinth entrance.
 19646 | Lab      | Entered a labyrinth
 21148 | Lab      | Found an exit through the horrors of the Abyss.
 23379 | Lab      | Found an exit through the horrors of the Abyss.
 23385 | Lab      | Took an exit into the Abyss.
 23385 | Abyss:1  | Escaped into the Abyss
 23415 | Abyss:1  | Noticed an angel
 23428 | Abyss:1  | Killed an angel
 23529 | Abyss:1  | Noticed a bone dragon
 23547 | Abyss:1  | Slain by a bone dragon

Vault maps used:
D:1:      onia_arrival_zoo_common
D:3:      lemuel_round_altar, lemuel_round_altar
D:4:      first_bread, uniq_pikel
D:5:      nicolae_ru_awakened_eye, serial_shops, shop, nicolae_shop_statue_plus,
          shop, shop, nicolae_shop_temple_entry_statues_fountains, uniq_edmund,
          uniq_menkaure, uniq_duvessa
D:6:      basic_altar, kennysheep_generic_room_2
D:7:      lemuel_coloured_pillars_altar, grunt_ogre_cave, tgw_sif
D:8:      minmay_goldmine, lemuel_crystal_altar, david_lair_shrubbed
D:9:      kennysheep_island_fort
D:10:     nicolae_two_hexagons, kennysheep_generic_room_13
D:11:     david_orc_5, minivault_25, uniq_urug
D:12:     grunt_nemelex_the_gamble
Lair:1:   minmay_lair_oklob_chamber
Lair:2:   basic_altar, uniq_sonja
Lair:3:   nicolae_spider_entry_tight_spaces, infiniplex_staircase_pool,
          grunt_megastairs_1, uniq_snorg
Lair:4:   gammafunk_lair_enchanted_lake, swamp_mist, lab_entry_generic,
          grunt_megastairs_3
Lab:      nicolae_lab_t_cross, nicolae_lab_lava, nicolae_lab_plus,
          nicolae_lab_quarters, nicolae_lab_grate, labyrinth_fake_exit,
          nicolae_lab_garden, nicolae_lab_grate_2, nicolae_lab_statue

Skill      XL: |  1  2  3  4  5  6  7  8  9 10 11 12 13 |
---------------+----------------------------------------+-----
Maces & Flails | 4 5 6 7 12 | 12.7
Axes           | 3 7 8 11 14 16 19 21 | 21.9
Dodging        | 3 4 6 7 8 |  8.2
Evocations     | 1 |  1.3
Fighting       | |  3.6
Armour         | |  2.4
Stealth        | |  0.1

Action                   |  1- 3 |  4- 6 |  7- 9 | 10-12 | 13-15 || total
-------------------------+-------+-------+-------+-------+-------++-------
Melee: Mace              |    89 |    54 |     4 |   114 |       ||   261
       Headbutt          |    10 |    19 |    47 |   104 |    47 ||   227
       Broad axe         |       |    39 |   246 |       |       ||   285
       Kick              |       |    15 |    10 |       |       ||    25
       Great mace        |       |       |       |   131 |       ||   131
       Battleaxe         |       |       |       |   295 |   225 ||   520
Throw: Throwing net      |       |       |       |     3 |       ||     3
Invok: Berserk           |     1 |     1 |     4 |    14 |     3 ||    23
       Burn Spellbooks   |       |       |     2 |     2 |       ||     4
Evoke: Wand              |       |       |       |     2 |     1 ||     3
  Use: Scroll            |     6 |     7 |     5 |    12 |    11 ||    41
       Potion            |       |     2 |     1 |    12 |     5 ||    20
 Stab: Distracted        |     1 |       |       |       |       ||     1
       Held in net/web   |       |       |       |     1 |       ||     1
  Eat: Chunk             |     4 |     2 |    10 |    39 |     3 ||    58
       Bread ration      |       |     1 |     1 |     2 |     1 ||     5
       Fruit             |       |       |     3 |     1 |       ||     4
       Beef jerky        |       |       |       |     4 |     5 ||     9
Armor: Animal skin       |     8 |       |       |       |       ||     8
       Chain mail        |    30 |    55 |     9 |   272 |   122 ||   488
       Skin              |       |       |     8 |       |       ||     8
       Ring mail         |       |       |    29 |       |       ||    29
       Scale mail        |       |       |    45 |       |       ||    45
       Leather armour    |       |       |       |    26 |       ||    26
Dodge: Dodged            |    54 |    51 |   120 |   350 |   122 ||   697
